 Dungeon Crawl Stone Soup version 0.30.1-3-gfc49f6343a (webtiles) character file.

Game seed: 4103259833399212639

126 monsoonserge the Chopper (level 5, -2/41 (46) HPs)
             Began as a Hill Orc Fighter on Aug 5, 2023.
             Killed by divine providence
             ... invoked by an orc priest
              (12 damage)
             ... on level 3 of the Dungeon.
             The game lasted 00:04:02 (2183 turns).

monsoonserge the Chopper (Hill Orc Fighter)         Turns: 2183, Time: 00:04:03

HP:   -2/41 (46)    AC:  7    Str: 21    XL:     5   Next: 10%
MP:   5/5           EV:  9    Int:  8    God:
Gold: 147           SH:  7    Dex: 22    Spells: 4/4 levels left

rFire   . . .        a - +0 war axe
rCold   . . .        o - +1 buckler of the Tundras {Dex+6}
rNeg    . . .        b - +0 scale mail
rPois   .            (no helmet)
rElec   .            (no cloak)
rCorr   .            (no gloves)
SInv    .            (no boots)
Will    .....        (no amulet) Stlth
                     f - +6 ring of dexterity
HPRegen 0.26/turn    (no ring)
MPRegen 0.09/turn

%: no passive effects
@: heavily drained
A: no striking features
a: Convert to Beogh


You were on level 3 of the Dungeon.
You visited 1 branch of the dungeon, and saw 3 of its levels.

You collected 147 gold pieces.

Inventory:

Hand Weapons
 a - a +0 war axe (weapon)
Missiles
 v - a throwing net (quivered)
 w - a boomerang
Armour
 b - a +0 scale mail (worn)
 o - the +1 buckler of the Tundras (worn) {Dex+6}
   (You found it on level 2 of the Dungeon)

   Dex:       It affects your dexterity (+6).
Jewellery
 f - a +6 ring of dexterity (left hand)
 m - an amulet of magic regeneration
Wands
 s - a wand of flame (23)
Scrolls
 c - a scroll of identify {unknown}
 g - 2 scrolls of teleportation {unknown}
 i - a scroll of vulnerability {unknown}
 l - 2 scrolls of torment {unknown}
 p - a scroll of blinking {unknown}
 q - 2 scrolls of fog {unknown}
 r - a scroll of magic mapping {unknown}
Potions
 d - a potion of might
 e - a potion of degeneration {unknown}
 h - a potion of invisibility {unknown}
 j - a potion of magic {unknown}
 k - a potion of attraction {unknown}
 n - 2 potions of curing {unknown}
 t - a potion of cancellation {unknown}


   Skills:
 + Level 4.3 Fighting
 + Level 4.6 Axes
 + Level 4.2 Armour
 + Level 0.4 Dodging
 + Level 3.8 Shields


You had 4 spell levels left.
You didn't know any spells.
Your spell library was empty.

Dungeon Overview and Level Annotations

Branches:
Dungeon (3/15)

Altars:

Shops:
D:1 =


Message History

The kobold hits you but does no damage.
You feel drained.
The orc priest looks satisfied for a moment.
You slash the kobold!
You kill the kobold!
The orc priest mumbles some strange prayers to Beogh against you.
You barely resist. The orc misses you.
The orc priest calls down the wrath of Beogh upon you.
Beogh smites you!
You slash the orc!
You kill the orc!
You hit the worm but do no damage.
The worm is lightly wounded.
The worm bites you.
You slash the worm!
The worm is severely wounded.
The worm bites you but does no damage.
You hit the worm.
The worm is severely wounded.
The worm barely misses you.
You hit the worm.
The worm is almost dead.
You slash the worm!
You kill the worm!
You barely miss the orc priest.
The orc priest shouts, "Beogh is our master!
Accept the truth or die!"
The orc priest closely misses you.
The orc priest invokes the aid of Beogh against you.
Beogh smites you!
* * * LOW HITPOINT WARNING * * *
You hit the orc priest.
The orc priest is lightly wounded.
The orc priest closely misses you.
You closely miss the orc priest.
The orc priest is lightly wounded.
The orc priest mumbles some strange prayers to Beogh against you.
Pain shoots through your body!
* * * LOW HITPOINT WARNING * * *
The orc priest calls down the wrath of Beogh upon you.
Beogh smites you!
You die...

#..... #.#### . #
## # .. ## . #. #
#.# ..o #.
.###.#..
....$#.###.#.....
.......o@...#
....##.##...# .
... #.### ###
#### #.# #.. #.#
##.# # #.# #..# #
#.### #..# #####
######.#.## #..#
#..)'
...........###..#
#.###


You could see an orc priest.

Vanquished Creatures
  An orc wizard (D:3)
  3 adders
  A worm (D:3)
  2 dart slugs
  7 orcs (D:3)
  5 ball pythons
  3 endoplasms
  2 giant cockroaches
  5 goblins
  5 hobgoblins
  7 kobolds
  2 quokkas (D:1)
  3 bats
  4 frilled lizards
  8 rats
58 creatures vanquished.

Notes
Turn   | Place    | Note
-------+----------+-------------------------------------------
     0 | D:1      | monsoonserge the Hill Orc Fighter began the quest for the
                  | Orb.
     0 | D:1      | Reached XP level 1. HP: 19/19 MP: 1/1
   183 | D:1      | Reached XP level 2. HP: 27/27 MP: 2/2
   591 | D:1      | Reached XP level 3. HP: 33/33 MP: 3/3
   836 | D:1      | Found Dyeguoff's Jewellery Boutique.
  1088 | D:2      | Identified the +1 buckler of the Tundras {Dex+6}
  1641 | D:2      | Reached XP level 4. HP: 40/40 MP: 4/4
  2152 | D:3      | Reached XP level 5. HP: 40/41 MP: 5/5
  2183 | D:3      | Killed from afar by an orc priest

Illustrated notes

Levels and vault maps discovered:
D:1:      dpeg_arrival_court, layout_basic, serial_shops,
          nicolae_shop_gaudy_bauble, minivault_4, minmay_pentomino_t4
D:2:      minmay_inner_zag, layout_loops_ring, minmay_misc_feat_tower
D:3:      layout_loops_cross, kennysheep_flooded_box, minmay_door_square

Skill      XL: |  1  2  3  4 |
---------------+-------------+-----
Axes           | 3 4 |  4.6
Fighting       | 4 |  4.3
Armour         | 4 |  4.2
Dodging        | |  0.4
Shields        | |  3.8

Action                     |  1- 3 |  4- 6 || total
---------------------------+-------+-------++-------
  Melee: War axe           |    83 |    58 ||   141
    Use: Potion            |       |     1 ||     1
 Armour: Scale mail        |    40 |    22 ||    62
  Dodge: Dodged            |    41 |    28 ||    69
  Block: Buckler           |    22 |    15 ||    37
